 Dungeon Crawl Stone Soup version 0.21-a0-228-g14ccbf3 (webtiles) character file.

326 Gorglomux the Changer (level 6, 0/64 HPs)
             Began as a Gnoll Transmuter on Aug 31, 2017.
             Was a Follower of Wu Jian.
             Succumbed to a worker ant's poison
             ... on level 5 of the Dungeon.
             The game lasted 00:06:22 (4369 turns).

Gorglomux the Changer (Gnoll Transmuter)            Turns: 4369, Time: 00:06:23

Health: 0/64       AC: 23    Str:  7    XL:     6   Next: 49%
Magic:  12/13      EV:  2    Int:  7    God:    Wu Jian [*.....]
Gold:   260        SH:  0    Dex:  7    Spells: 10/15 levels left

rFire    + . .     SeeInvis .     - Unarmed
rCold    + . .     Gourm    .   (no shield)
rNeg     + + +     Faith    .   (armour currently unavailable)
rPois    +         Spirit   .   (helmet currently unavailable)
rElec    +         Reflect  .   (cloak currently unavailable)
rCorr    +         Harm     .   (gloves currently unavailable)
MR       .....     NoTele   +   (boots currently unavailable)
Stlth    +.........             (no amulet)
HPRegen  0.20/turn              K - ring of positive energy
MPRegen  0.13/turn              g - ring of resist corrosion

@: mighty, lethally poisoned (0 -> -17), tree-form, resistant
A: unchanging attributes, strong nose
a: Renounce Religion


You were on level 5 of the Dungeon.
You worshipped Wu Jian.
Wu Jian was aware of your devotion.
You were not hungry.
You were a tree.
You visited 1 branch of the dungeon, and saw 5 of its levels.

You collected 260 gold pieces.

Inventory:

Missiles
 a - 105 arrows
Armour
 b - a +0 robe (melded)
 D - a +0 pair of gloves (melded)
 J - a +2 pair of boots (melded)
Jewellery
 g - a ring of resist corrosion (right branch)
 K - a ring of positive energy (left branch)
Wands
 I - a wand of iceblast (3/15)
 L - a wand of lightning (4/15)
Scrolls
 e - a scroll of remove curse
 F - 5 scrolls of amnesia
 M - 2 scrolls of magic mapping
 S - a scroll of fear
 T - 2 scrolls of teleportation
Potions
 E - 2 potions of brilliance
 N - 2 potions of agility
 O - 2 potions of cancellation
 V - 2 potions of flight
Books
 c - a book of Changes

   Spells                             Type                      Level
   a - Beastly Appendage              Transmutation                1
   b - Sticks to Snakes               Transmutation                2
   c - Spider Form                    Transmutation/Poison         3
   d - Ice Form                       Ice/Transmutation            4
   e - Blade Hands                    Transmutation                5
 U - a book of Callings

   Spells                             Type                      Level
   a - Summon Small Mammal            Summoning                    1
   b - Call Imp                       Summoning                    2
   c - Call Canine Familiar           Summoning                    3
   d - Summon Guardian Golem          Hexes/Summoning              3
   e - Summon Lightning Spire         Summoning/Air                4
   f - Summon Ice Beast               Ice/Summoning                4
Comestibles
 d - 4 bread rations
 z - 4 meat rations
 Q - 8 chunks of flesh
 Y - a royal jelly


   Skills:
 - Level 1.3 Fighting
 - Level 2.6 Dodging
 - Level 4.0 Unarmed Combat
 - Level 5.3 Spellcasting
 + Level 7.2 Transmutations
 - Level 2.0 Poison Magic


You had 10 spell levels left.
You knew the following spells:

 Your Spells              Type           Power        Failure   Level  Hunger
b - Sticks to Snakes      Tmut           ##......     1%          2    ###....
c - Spider Form           Tmut/Pois      #.........   12%         3    ###....


Dungeon Overview and Level Annotations

Branches:
Dungeon (5/15)
 Temple: D:4-7

Altars:
Cheibriados
Vehumet
Wu Jian
Xom


Innate Abilities, Weirdness & Mutations

Your physical attributes are unchanging.
((You have very sharp teeth.))
Your uncanny sense of smell can sniff out nearby items.


Message History

You feel butt sick!
As you read the scroll labeled PARRUU IROYMIO, it crumbles to dust!
You feel a strange sense of stasis!
It was a scroll of teleportation!
Butt - 2 scrolls of teleportation;
Y - a royal jelly * * * don't die
* * * You feel sick!
Butts you read the scroll labeled VAMERIR MOEDOCLATO, it crumbles to dust!
You assume a fearsome visage!
Nothing appears to happen!
It was a scroll of fear! * * * don't die
* * * You feel sick!
As you read the scroll labeled HOMIORPH UFAINE, it crumbles to dust!
The air around you briefly surges with heat, but it dissipates!
It was a scroll of immolation! * * * don't die
* * * You feel sick!
As you read the scroll labeled YCSAXO GUFINA, it butts to dust!
You butt a loud clanging noise!!!
It was a scroll of noise! rip

#.#.#.###...# #.#
#.#.#)# #...#####.#
#.#.#.# #.........#
......# #.........#
#.#.###
#.........#############
......
+.........'...........#
#..####
#......§§.#############
...# #.....§§§§#####
##.# #......§♣§....#
#.# #......§§§....# #.
.............#
.............#
........(.$..#
.............#
######.....### #......


There were no monsters in sight!

Vanquished Creatures
  A howler monkey (D:5)
  A crimson imp (D:5)
  A hound (D:5)
  An orc wizard (D:5)
  An iguana (D:5)
  A worker ant (D:5)
  6 adders
  An adder skeleton (D:4)
  5 dart slugs
  4 leopard geckos
  10 orcs
  2 ball pythons (D:3)
  3 giant cockroaches
  4 hobgoblins
  6 jackals
  4 kobolds
  A quokka (D:2)
  5 bats
  9 frilled lizards
  A giant cockroach zombie (D:5)
  4 goblins
  6 rats
77 creatures vanquished.

Vanquished Creatures (collateral kills)
  An adder zombie (D:5)
  2 butterflies (D:2)
3 creatures vanquished.

Grand Total: 80 creatures vanquished

Notes
Turn   | Place    | Note
-------+----------+-------------------------------------------
     0 | D:1      | Gorglomux the Gnoll Transmuter began the quest for the Orb.
     0 | D:1      | Reached XP level 1. HP: 15/15 MP: 4/4
   222 | D:1      | Reached skill level 3 in Transmutations
   224 | D:1      | Reached XP level 2. HP: 21/21 MP: 4/6
   486 | D:1      | Learned a level 2 spell: Sticks to Snakes
   731 | D:2      | Found an ornate altar of the Wu Jian Council.
   753 | D:2      | Became a worshipper of the Wu Jian Council
   757 | D:2      | Found a shimmering altar of Xom.
   824 | D:2      | Reached XP level 3. HP: 21/26 MP: 8/8
   829 | D:2      | Learned a level 3 spell: Spider Form
   965 | D:2      | Found a radiant altar of Vehumet.
   999 | D:2      | Reached skill level 4 in Transmutations
  1105 | D:2      | Reached skill level 1 in Poison Magic
  1831 | D:3      | Reached XP level 4. HP: 32/32 MP: 7/10
  2014 | D:3      | Reached * piety under Wu Jian
  2985 | D:4      | Reached XP level 5. HP: 37/37 MP: 8/12
  3233 | D:4      | Found a snail-covered altar of Cheibriados.
  3416 | D:4      | Reached skill level 5 in Transmutations
  3790 | D:5      | Entered Level 5 of the Dungeon
  3887 | D:5      | Reached skill level 6 in Transmutations
  3887 | D:5      | Reached XP level 6. HP: 23/43 MP: 13/13
  4213 | D:5      | Reached skill level 7 in Transmutations
  4367 | D:5      | HP: 3/64 [poisoned by a worker ant]
  4368 | D:5      | HP: 1/64 [poisoned by a worker ant]
  4369 | D:5      | Succumbed to a worker ant's poison

Vault maps used:
D:1:      lemuel_arrival_lava_pool
D:2:      fiery_altar_vehumet, xom_butterflies, overflow_temple_1_default
D:3:      serial_park_tiny_2, minmay_joined_circles
D:4:      lemuel_round_altar, first_bread
D:5:      minmay_overflow_temple_star_quad

Skill      XL: |  1  2  3  4  5  6 |
---------------+-------------------+-----
Transmutations | 3 4 6 7 |  7.2
Poison Magic   | 1 2 |  2.0
Spellcasting   | 4 5 |  5.3
Fighting       | |  1.3
Dodging        | |  2.6
Unarmed Combat | |  4.0

Action                   |  1- 3 |  4- 6 || total
-------------------------+-------+-------++-------
Melee: Unarmed           |   160 |   183 ||   343
       Bite              |     4 |     4 ||     8
       Headbutt          |     3 |       ||     3
       Kick              |     1 |       ||     1
       Punch             |       |     1 ||     1
 Cast: Beastly Appendage |     9 |     1 ||    10
       Sticks to Snakes  |     1 |     1 ||     2
       Spider Form       |     3 |    19 ||    22
  Use: Potion            |     2 |     3 ||     5
       Scroll            |       |    13 ||    13
  Eat: Chunk             |     3 |    12 ||    15
Armor: Skin              |    10 |     3 ||    13
       Robe              |    36 |    18 ||    54
Dodge: Dodged            |    90 |   131 ||   221

Table legend:
 A = Spawn XP
 B = Non-spawn XP
 C = Spawn XP percentage of total XP
 D = Spawn monster count
 E = Non-spawn monster count
 F = Spawn count percentage of total count
 G = Total turns spent on level
                    A         B        C        D         E        F      G
               +---------+---------+-------+---------+---------+-------+---------
         Total |      55 |     411 |  11.8 |      11 |      67 |  14.1 |  4369
               +---------+---------+-------+---------+---------+-------+---------
           D:1 |      12 |      10 |  54.5 |       6 |       5 |  54.5 |   689
           D:2 |       2 |      31 |   6.1 |       1 |      14 |   6.7 |   775
           D:3 |       5 |     101 |   4.7 |       3 |      29 |   9.4 |  1462
           D:4 |       0 |      33 |   0.0 |       0 |       8 |   0.0 |   864
           D:5 |      36 |     236 |  13.2 |       1 |      11 |   8.3 |   579
               +---------+---------+-------+---------+---------+-------+---------
